 Dungeon Crawl Stone Soup version 0.17.1-1-g73c8601 (webtiles) character file.

991 Goblin1989 the Basher (level 7, 0/52 HPs)
             Began as a Demonspawn Berserker on Nov 25, 2015.
             Was a Priest of Trog.
             Slain by a giant gecko (2 damage)
             ... on level 6 of the Dungeon on Dec 15, 2015.
             The game lasted 00:18:30 (6579 turns).

Goblin1989 the Basher (Demonspawn Berserker)        Turns: 6579, Time: 00:18:30

Health: 0/52       AC:  3    Str: 19    XL:     7   Next: 98%
Magic:  7/7        EV:  8    Int:  9    God:    Trog [***...]
Gold:   283        SH:  0    Dex: 12    Spells: 0 memorised, 6 levels left

rFire  . . .     SeeInvis .     a - +0 flail
rCold  . . .     Clarity  .     e - +0 chain mail
rNeg   . . .     SustAt   .     (no shield)
rPois  .         Gourm    .     v - +0 helmet
rElec  .         Spirit   .     o - +0 cloak
rCorr  .         Warding  .     (no gloves)
rMut   .         Stasis   .     (no boots)
MR     .....                    f - amulet of inaccuracy (curse)
Stlth  ..........               (no ring)
                                (no ring)

@: corroded equipment, not resistant to hostile enchantments, extremely
unstealthy
A: hooves 2, molten scales 1
a: Berserk, Trog's Hand, Burn Spellbooks, Renounce Religion


You were on level 6 of the Dungeon.
You worshipped Trog.
Trog was most pleased with you.
You were not hungry.

You visited 1 branch of the dungeon, and saw 6 of its levels.

You collected 283 gold pieces.

Inventory:

Hand Weapons
 a - a +0 flail (weapon)
 b - a +0 arbalest
Armour
 e - a +0 chain mail (worn)
 o - a +0 cloak (worn)
 q - a +2 helmet
 v - a +0 helmet (worn)
Jewellery
 f - a cursed amulet of inaccuracy (around neck)
 g - an uncursed ring of wizardry {unknown}
 k - an uncursed amulet of resist mutation {unknown}
 s - an uncursed amulet of faith {unknown}
 C - a +4 ring of protection {unknown}
Scrolls
 d - 2 scrolls of recharging
 j - 4 scrolls of teleportation
 p - a scroll of enchant armour {unknown}
 y - a scroll of magic mapping
 A - a scroll of identify
 B - 2 scrolls of remove curse {unknown}
Potions
 i - 5 potions of curing
 l - a potion of invisibility
 n - 2 potions of lignification {unknown}
 r - 2 potions of heal wounds {unknown}
 t - a potion of flight {unknown}
 w - a potion of magic
 x - a potion of cure mutation {unknown}
 z - a potion of poison {unknown}
Comestibles
 c - 4 bread rations
 h - 2 beef jerkies
 m - a meat ration
 u - a royal jelly


   Skills:
 - Level 3.0 Fighting
 + Level 8.9 Maces & Flails
 - Level 1.7 Armour
 - Level 1.7 Dodging


You had 6 spell levels left.
You didn't know any spells.

Dungeon Overview and Level Annotations

Branches:
Dungeon (6/15)
 Temple: D:4-7

Altars:
Gozag
Nemelex Xobeh
Sif Muna
Zin


Innate Abilities, Weirdness & Mutations

You have hoof-like feet.
You are partially covered in molten scales (AC +1).


Message History

You are too injured to fight recklessly!
You are too injured to fight recklessly!
You are too injured to fight recklessly!
You are too injured to fight recklessly!
You are too injured to fight recklessly!
You hit the jelly but do no damage.
Your hands burn!
* * * LOW HITPOINT WARNING * * *
You kick the jelly, but do no damage.
The jelly is almost dead.
The giant gecko bites you.
* * * LOW HITPOINT WARNING * * *
The jelly hits you.
* * * LOW HITPOINT WARNING * * *
You are splashed with acid!
The acid burns!
* * * LOW HITPOINT WARNING * * *
You hit the jelly.
You kill the jelly!
Trog accepts your kill. The giant gecko completely misses you.
The giant gecko bites you.
You die...

#. .....#.###..#.
#.#######+#.# #.... ....
#...........# #.##. ...J
#...........# #.##. ...[.
#...........# #.##.
......##...........#
#.##.
##.................#
#.##.
......###.l........#
#.##.
.....$.##@.........#
#.##.
#.......######....###.###
#..#..#.# ............
<....#.# ..........##
#.....#.# .........##
#...Z.#.# .........##
#.##..#.# .........## #.
...#.# .........## #
##.#.# ...........


You could see a giant gecko.

Vanquished Creatures
  2 ogres (D:6)
  A phantom (D:6)
  A sky beast (D:5)
  A scorpion (D:6)
  A crimson imp (D:5)
  A gnoll shaman (D:5)
  An orc priest (D:5)
  3 hounds
  2 jellies
  An iguana (D:2)
  A giant frog skeleton (D:6)
  A worker ant (D:6)
  8 gnolls
  10 adders
  A shadow imp (D:5)
  4 worms
  An adder skeleton (D:4)
  8 giant geckos
  5 orcs (D:5)
  2 ball pythons
  4 giant cockroaches
  8 goblins
  4 hobgoblins
  6 jackals
  3 quokkas (D:5)
  4 bats
  A giant gecko skeleton (D:4)
  4 giant newts
  4 kobolds
  A quokka skeleton (D:5)
  A quokka zombie (D:5)
  6 rats
101 creatures vanquished.

Notes
Turn   | Place    | Note
--------------------------------------------------------------
     0 | D:1      | Goblin1989 the Demonspawn Berserker began the quest for the Orb.
     0 | D:1      | Reached XP level 1. HP: 18/18 MP: 1/1
   314 | D:1      | Gained mutation: You have large cloven feet. [demonic ancestry]
   314 | D:1      | Reached XP level 2. HP: 18/24 MP: 2/2
  1259 | D:2      | Reached ** piety under Trog
  1267 | D:2      | Gained mutation: You are partially covered in molten scales (AC +1). [demonic ancestry]
  1267 | D:2      | Reached XP level 3. HP: 25/29 MP: 3/3
  1419 | D:2      | Reached skill level 4 in Maces & Flails
  1445 | D:2      | Found a glowing silver altar of Zin.
  1775 | D:2      | Upgraded the game from 0.17.0-28-g6e173f8 to 0.17.0-57-g0e89251
  2079 | D:2      | Gained mutation: You have hoof-like feet. [demonic ancestry]
  2079 | D:2      | Reached XP level 4. HP: 22/35 MP: 4/4
  2852 | D:3      | Reached skill level 5 in Maces & Flails
  2922 | D:3      | Found a sparkling altar of Nemelex Xobeh.
  2922 | D:3      | Found an opulent altar of Gozag.
  3041 | D:3      | Reached XP level 5. HP: 41/41 MP: 5/5
  3981 | D:4      | Reached *** piety under Trog
  4160 | D:4      | Found a glowing drain.
  4187 | D:4      | Reached skill level 6 in Maces & Flails
  4342 | D:4      | You fall through a shaft!
  4342 | D:5      | Entered Level 5 of the Dungeon
  4409 | D:5      | Reached XP level 6. HP: 43/47 MP: 6/6
  4478 | D:4      | Upgraded the game from 0.17.0-57-g0e89251 to 0.17.1-1-g73c8601
  4648 | D:5      | Found a deep blue altar of Sif Muna.
  5230 | D:5      | Reached skill level 7 in Maces & Flails
  5472 | D:5      | Reached XP level 7. HP: 50/52 MP: 7/7
  5888 | D:6      | Reached skill level 8 in Maces & Flails
  6578 | D:6      | HP: 2/52 [acid (6)]
  6579 | D:6      | Slain by a giant gecko

Action                   |  1- 3 |  4- 6 |  7- 9 || total
-------------------------+-------+-------+-------++-------
Melee: Mace              |   168 |   298 |       ||   466
       Flail             |       |   100 |   142 ||   242
Invok: Trog's Hand       |       |     2 |     1 ||     3
       Berserk           |       |     2 |       ||     2
  Use: Scroll            |     9 |       |       ||     9
  Eat: Chunk             |     3 |    13 |       ||    16
       Fruit             |       |     2 |       ||     2
       Royal jelly       |       |       |     2 ||     2
